 Dungeon Crawl Stone Soup version 0.29-a0-275-g389c0b56f3 (webtiles) character file.

Game seed: 11603835750733447689

606 Gildeon the Cleaver (level 7, -1/57 HPs)
             Began as a Minotaur Fighter on Mar 12, 2022.
             Was an Initiate of Makhleb.
             Succumbed to a scorpion's poison
             ... on level 5 of the Dungeon.
             The game lasted 00:09:18 (4559 turns).

Gildeon the Cleaver (Minotaur Fighter)              Turns: 4559, Time: 00:09:19

Health: -1/57      AC:  9    Str: 23    XL:     7   Next: 19%
Magic:  6/6        EV:  9    Int:  5    God:    Makhleb [......]
Gold:   248        SH:  4    Dex:  9    Spells: 5/6 levels left

rFire   . . .      SeeInvis .   a - +0 war axe
rCold   . . .      Faith    .   c - +0 buckler
rNeg    . . .      Spirit   .   b - +0 scale mail
rPois   .          Reflect  .   (helmet restricted)
rElec   .          Harm     .   (no cloak)
rCorr   .          Rampage  .   k - +0 pair of gloves
Will    .....                   e - +0 pair of boots
Stlth   ..........              h - amulet of magic regeneration
HPRegen 0.19/turn               (no ring)
MPRegen 0.50/turn               (no ring)

@: mighty, lethally poisoned (-1 -> -9)
A: horns 2, retaliatory headbutt
a: Renounce Religion


You were on level 5 of the Dungeon.
You worshipped Makhleb.
Makhleb was noncommittal.
You visited 2 branches of the dungeon, and saw 6 of its levels.
You also visited: Sewer.

You collected 248 gold pieces.

Inventory:

Hand Weapons
 a - a +0 war axe (weapon)
 o - a +0 flail
Armour
 b - a +0 scale mail (worn)
 c - a +0 buckler (worn)
 e - a +0 pair of boots (worn)
 k - a +0 pair of gloves (worn)
Jewellery
 h - an amulet of magic regeneration (around neck)
 m - a ring of magical power
 p - a +6 ring of intelligence
Scrolls
 f - 3 scrolls of fear
 j - 3 scrolls of blinking
 r - 2 scrolls of teleportation
Potions
 d - a potion of might
 g - a potion of haste
 i - a potion of heal wounds
 l - a potion of resistance {unknown}
 n - a potion of curing {unknown}
 q - a potion of mutation {unknown}
 s - 2 potions of flight
 t - a potion of invisibility {unknown}


   Skills:
 - Level 3.6 Fighting
 + Level 9.6 Axes
 - Level 3.6 Armour
 - Level 3.6 Shields


You had 5 spell levels left.
You knew the following spells:

 Your Spells              Type           Power      Damage    Failure   Level
a - Pain                  Necr           0%         1d4       86%         1

Your spell library contained the following spells:

 Spells                   Type           Power      Damage    Failure   Level
 Gell's Gravitas          Tloc           0%         N/A       99%         3
 Lesser Beckoning         Tloc           0%         N/A       99%         3
 Teleport Other           Tloc           0%         N/A       99%         3
 Airstrike                Air            0%         N/A       100%        4
 Summon Lightning Spire   Summ/Air       0%         N/A       100%        4
 Agony                    Necr           0%         N/A       100%        5
 Excruciating Wounds      Necr           0%         N/A       100%        5
 Lightning Bolt           Conj/Air       0%         1d11      100%        5


Dungeon Overview and Level Annotations

Branches:
Dungeon (5/15)             Temple (1/1) D:4           Sewer (visited)

Altars:
Cheibriados
Dithmenos
Fedhas
Gozag
Kikubaaqudgha
Makhleb
Okawaru
Ru
Sif Muna
Trog
Uskayaw
Xom
Yredelemnul
The Shining One

Shops:
D:2 =


Innate Abilities, Weirdness & Mutations

You have a pair of horns on your head.
You reflexively headbutt those who attack you in melee.


Message History

The gnoll sergeant barely misses you.
You closely miss the gnoll sergeant.
Your headbutt misses the gnoll sergeant.
The gnoll sergeant is severely wounded.
The gnoll sergeant hits you with a +0 spear.
* * * LOW HITPOINT WARNING * * *
You closely miss the gnoll sergeant.
Your headbutt misses the gnoll sergeant.
The gnoll sergeant is severely wounded.
You block the gnoll sergeant's attack.
You barely miss the gnoll sergeant. You headbutt the gnoll sergeant.
The gnoll sergeant is almost dead.
The gnoll sergeant hits you but does no damage.
You barely miss the gnoll sergeant.
The gnoll sergeant is almost dead.
The gnoll sergeant hits you with a +0 spear!
* * * LOW HITPOINT WARNING * * *
Unknown command.
You barely miss the gnoll sergeant.
The gnoll sergeant is almost dead.
The gnoll sergeant hits you with a +0 spear!
* * * LOW HITPOINT WARNING * * *
You hit the gnoll sergeant.
You kill the gnoll sergeant!
Makhleb accepts your kill.
You feel much better.
The scorpion stings you but does no damage.
You feel very mighty all of a sudden. The scorpion stings you.
* * * LOW HITPOINT WARNING * * *
The scorpion stings you.
* * * LOW HITPOINT WARNING * * *
You barely miss the scorpion. The scorpion stings you!
* * * LOW HITPOINT WARNING * * *
You are lethally poisoned!
The scorpion poisons you!
You slice the scorpion!!
You kill the scorpion!
Makhleb accepts your kill.
You die... ....# #...# #...# ... .gg

#g# #)#
########@#
.......).#
........##
#######.#
#)# #.#
#.# #.#
#.#


You could see 3 gnolls.

Vanquished Creatures
  An ogre (D:4)
  2 bullfrogs (Sewer)
  A gnoll sergeant (D:5)
  A scorpion (D:5)
  An iguana (D:5)
  2 orc wizards
  2 gnolls (D:5)
  9 adders
  3 river rats (Sewer)
  3 worms
  8 orcs
  8 endoplasms
  6 giant cockroaches
  6 goblins
  10 hobgoblins
  8 jackals
  6 quokkas
  20 ball pythons
  6 bats
  2 frilled lizards
  2 kobolds (D:1)
  25 rats
132 creatures vanquished.

Notes
Turn   | Place    | Note
-------+----------+-------------------------------------------
     0 | D:1      | Gildeon the Minotaur Fighter began the quest for the Orb.
     0 | D:1      | Reached XP level 1. HP: 19/19 MP: 0/0
    99 | D:1      | Reached skill level 3 in Axes
   145 | D:1      | Reached XP level 2. HP: 23/26 MP: 1/1
   155 | D:1      | Learned a level 1 spell: Pain
   323 | D:1      | Reached skill level 4 in Axes
   341 | D:1      | Reached XP level 3. HP: 28/31 MP: 2/2
   778 | D:2      | Found Misaily's Jewellery Shop.
  1249 | D:2      | Reached skill level 5 in Axes
  1567 | D:2      | Reached XP level 4. HP: 39/39 MP: 3/3
  1856 | D:3      | Found an ancient bone altar of Kikubaaqudgha.
  1932 | D:3      | Found a glowing drain.
  1945 | Sewer    | Entered a sewer
  2305 | Sewer    | Reached skill level 6 in Axes
  2434 | Sewer    | Reached XP level 5. HP: 39/45 MP: 4/4
  2616 | Sewer    | Reached skill level 7 in Axes
  2622 | Sewer    | Reached skill level 8 in Axes
  2622 | Sewer    | Reached XP level 6. HP: 18/51 MP: 5/5
  3166 | D:3      | Found a faded altar of an unknown god.
  3304 | D:4      | Found a staircase to the Ecumenical Temple.
  3321 | Temple   | Entered the Ecumenical Temple
  3356 | Temple   | Became a worshipper of Makhleb the Destroyer
  3764 | D:4      | Reached skill level 9 in Axes
  3861 | D:4      | Found an opulent altar of Gozag.
  4432 | D:5      | Entered Level 5 of the Dungeon
  4448 | D:5      | Reached XP level 7. HP: 44/57 MP: 6/6
  4554 | D:5      | HP: 1/57 [gnoll sergeant/+0 spear (8)]
  4559 | D:5      | Succumbed to a scorpion's poison

Illustrated notes

Levels and vault maps discovered:
D:1:      psy_arrival_whirlpool, layout_loops_ring
D:2:      layout_basic, serial_shops, shop
D:3:      layout_loops_cross, lemuel_round_altar, gup_sewer_entry_pipe,
          ebering_ecumenical_altar_rust
D:4:      layout_basic, grunt_gozag_breadcrumbs, minmay_temple_entry_glass,
          nicolae_elevator_lobby_asterisk
D:5:      layout_loops_ring, serial_shops, nicolae_shop_statue_plus
Temple:   minmay_temple_bridge_abc

Skill      XL: |  1  2  3  4  5  6 |
---------------+-------------------+-----
Axes           | 3 4 5 6 8 9 |  9.6
Fighting       | |  3.6
Armour         | |  3.6
Shields        | |  3.6

Action                   |  1- 3 |  4- 6 |  7- 9 || total
-------------------------+-------+-------+-------++-------
Melee: War axe           |    69 |   172 |    22 ||   263
       Headbutt          |     4 |    18 |     2 ||    24
  Use: Scroll            |     5 |     7 |       ||    12
       Potion            |       |       |     2 ||     2
Armor: Scale mail        |    42 |    91 |     7 ||   140
Dodge: Dodged            |    42 |    85 |    10 ||   137
Block: Buckler           |    23 |    43 |     5 ||    71

Table legend: (Time is in decaauts)
 A = Elapsed time spent in this place.
 B = Non-inter-level travel time spent in this place.
 C = Inter-level travel time spent in this place.
 D = Time resting spent in this place.
 E = Time spent auto-exploring this place.
 F = Levels seen in this place.
 G = Mean time per level.
                   A        B        C        D        E       F      G
               +--------+--------+--------+--------+--------+-----+--------+
         Total |   4674 |   4390 |    284 |      0 |   3518 |   7 |  667.7 |
       Dungeon |   3502 |   3242 |    260 |      0 |   2605 |   5 |  700.4 |
        Temple |    210 |    186 |     24 |      0 |    169 |   1 |  210.0 |
         Sewer |    960 |    960 |      0 |      0 |    744 |   1 |  960.0 |
               +--------+--------+--------+--------+--------+-----+--------+

Top non-repeatable levels by time:
   Sewer: 960 daAuts
     D:4: 919 daAuts
     D:1: 885 daAuts
     D:3: 838 daAuts
     D:2: 729 daAuts
  Temple: 210 daAuts
     D:5: 129 daAuts
